 Dungeon Crawl Stone Soup version 0.16.0 (webtiles) character file.

11874 Fiveotanaka the Grappler (level 11, -19/94 HPs)
             Began as a Troll Monk on Mar 23, 2015.
             Killed from afar by Harold (40 damage)
             ... with a bolt of fire
             ... on level 13 of the Dungeon.
             The game lasted 00:12:32 (5057 turns).

Fiveotanaka the Grappler (Troll Monk)               Turns: 5057, Time: 00:12:32

Health: -19/94     AC:  9    Str: 21    XL:     11   Next: 55%
Magic:  0/0        EV: 20    Int: 13    God:
Gold:   94         SH:  0    Dex: 15    Spells: 0 memorised, 10 levels left

rFire  . . .     SeeInvis .     L - wand of confusion (23)
rCold  . . .     Clarity  .     a - +0 robe (curse)
rNeg   + . .     SustAb   .     (shield restricted)
rPois  .         Gourm    +     (helmet restricted)
rElec  .         Spirit   .     s - +0 cloak (curse)
rCorr  .         Warding  .     (gloves unavailable)
rMut   .         Stasis   .     (boots unavailable)
MR     .....                    E - amulet "Qimuha" {+Rage +Fly rN+ MP-9 Int+7} (curse)
Stlth  ++........               t - +5 ring of evasion
                                P - +3 ring of protection

@: not resistant to hostile enchantments, unstealthy
A: unfitting armour, claws 3, fast metabolism 3, gourmand, regeneration 2,
shaggy fur 1, tough skin 2
a: Evoke Berserk Rage, Evoke Flight


You were on level 13 of the Dungeon.
You were very full.

You visited 1 branch of the dungeon, and saw 13 of its levels.
You also visited: Sewer and Ossuary.

You collected 367 gold pieces.
You spent 273 gold pieces at shops.

Inventory:

Armour
 a - a cursed +0 robe (worn)
 s - a cursed +0 cloak (worn)
Jewellery
 q - an uncursed ring of invisibility
 t - a +5 ring of evasion (right claw)
 E - the cursed amulet "Qimuha" (around neck) {+Rage +Fly rN+ MP-9 Int+7}
   (You found it on level 7 of the Dungeon)

   [amulet of rage]

   It affects your intelligence (+7).
   It protects you from negative energy.
   It affects your magic capacity (-9).
   It lets you fly.
   It lets you go berserk.
   It has a curse placed upon it.
 N - an uncursed ring of protection from cold
 P - a +3 ring of protection (left claw)
Magical devices
 G - a wand of random effects (18)
 I - a wand of enslavement (15)
 K - a wand of digging (11)
 L - a wand of confusion (23) (in claw)
 Q - a wand of fireball (3)
Scrolls
 c - a scroll of fear {unknown}
 g - 2 scrolls of fog {unknown}
 k - 2 scrolls of teleportation {unknown}
 l - a scroll of enchant armour {unknown}
 m - 5 scrolls of remove curse {unknown}
 p - 3 scrolls of enchant weapon {unknown}
 u - 3 scrolls of blinking {unknown}
 v - 2 scrolls of summoning {unknown}
 w - 7 scrolls of identify {unknown}
 x - 5 scrolls of recharging {unknown}
 y - 4 scrolls of noise {unknown}
 C - a scroll of immolation {unknown}
 D - a scroll of magic mapping {unknown}
 J - a scroll of random uselessness {unknown}
 O - a scroll of vulnerability {unknown}
Potions
 e - 7 potions of heal wounds {unknown}
 f - a potion of brilliance {unknown}
 h - 6 potions of curing {unknown}
 i - 2 potions of flight {unknown}
 n - a potion of agility {unknown}
 o - 3 potions of poison {unknown}
 z - 3 potions of restore abilities {unknown}
 A - 2 potions of haste {unknown}
 F - a potion of resistance {unknown}
 H - 2 potions of degeneration {unknown}
 M - a potion of invisibility {unknown}
Books
 r - a Necronomicon {highlevel, unknown}

   This book is beyond your current level of understanding.

   Spells                             Type                      Level
   a - Haunt                          Necromancy/Summoning         7
   b - Borgnjor's Revivification      Necromancy                   8
   c - Death's Door                   Charms/Necromancy            8
   d - Necromutation                  Transmutation/Necromancy     8
Comestibles
 b - 8 meat rations
 d - 4 bread rations
 j - a slice of pizza
 B - 2 beef jerkies
 R - a chunk of flesh


   Skills:
 - Level 2.4 Fighting
 + Level 9.6 Dodging
 - Level 1.1 Stealth
 + Level 14.8 Unarmed Combat


You had 10 spell levels left.
You didn't know any spells.

Dungeon Overview and Level Annotations

Branches:
Dungeon (13/15)            Temple (0/1) D:6             Orc (0/4) D:11
   Lair: D:8-11      Vaults: D:13-14

Altars:
Dithmenos

Shops:
D:7 [   D:9 [   D:13 =

Annotations:
D:13 Fiveotanaka's ghost, powerful TrMo; Harold


Innate Abilities, Weirdness & Mutations

You are too large for most types of armour.
You have claws for hands.
Your metabolism is lightning-fast.
You like to eat raw meat.
You heal very quickly.
You are covered in fur (AC +1).
You have very tough skin (AC +2).


Message History

You are too injured to fight recklessly!
You are too injured to fight recklessly!
You are too injured to fight recklessly!
You are too injured to fight recklessly!
You are too injured to fight recklessly!
Wield which item (- for none, * to show all)? (? for menu, Esc to quit)
L - a wand of confusion (in claw) Evoke which item? (* to show all) (? for menu, Esc to quit)
Zapping:
L - a wand of confusion (will waste charges)
Press: ? - help, Shift-Dir - straight line, f - Harold
Aim: Harold, wielding an enchanted scimitar and wearing a shiny ring mail (chance 15%) Harold resists with almost no effort.
Evoking this partially-identified wand wasted a few charges.
Harold hits you with an enchanted scimitar.
* * * LOW HITPOINT WARNING * * *
Found 20 sling bullets.
You see here 4 large rocks.
Harold casts a spell at you. The bolt of fire hits you!
You die...

#.# ..(.# ...#
...# ... ......#
......#......#
......#...##.#
.....#...##.# .W
#....#...##@#
...##....#...##(#
.........'...##@#
..........#...##O#
.... #.@..#..W..W#
....##...(##...(.#
..........)'..##.#
..........#..##.#
###'##.....#.....#


You could see Harold, an ogre and Fiveotanaka's ghost.

Vanquished Creatures
  Erolcha (D:13)
  2 hill giants (D:12)
  4 ugly things
  A cyclops (D:13)
  6 slime creatures (D:12)
  A manticore (D:11)
  A centaur skeleton (D:10)
  A wyvern (D:9)
  A wraith (D:11)
  4 yaks (D:12)
  A hungry ghost (D:11)
  2 hippogriffs
  2 vampire mosquitoes
  A water moccasin (D:6)
  A soldier ant (D:13)
  4 orc warriors
  An eye of draining (D:12)
  2 wasps
  2 centaurs
  A sky beast (D:11)
  2 ice beasts
  5 ogres
  4 phantoms
  2 big kobolds
  Duvessa (D:5)
  2 crocodiles
  The ghost of busb the Conjurer, an average KoCj (D:3)
  5 giant frogs
  An elf zombie (Ossuary)
  3 scorpions
  6 killer bees (D:11)
  9 wights
  An electric eel (D:6)
  Dowan (D:5)
  A quasit (D:8)
  2 giant frog zombies
  2 crimson imps
  2 centaur zombies
  6 jellies
  An orc priest (D:9)
  3 hounds
  4 worker ants
  6 orc wizards
  2 iguanas
  2 big kobold zombies (Ossuary)
  3 mummies
  A hound zombie (D:10)
  11 adders
  7 gnolls (D:6)
  A river rat (Sewer)
  2 giant mites (D:3)
  An adder zombie (Ossuary)
  6 giant geckos (D:3)
  24 orcs
  A bat skeleton (D:5)
  7 goblins
  12 hobgoblins
  9 jackals
  6 quokkas
  4 bats
  4 giant cockroaches
  A giant gecko skeleton (D:6)
  7 giant newts
  4 goblin zombies (Ossuary)
  6 hobgoblin zombies (Ossuary)
  2 jackal zombies (Ossuary)
  14 kobolds
  15 kobold zombies (Ossuary)
  4 orc zombies (Ossuary)
  14 rats
  A rat zombie (Ossuary)
  4 ballistomycetes (D:9)
284 creatures vanquished.

Vanquished Creatures (others)
  A wight (D:9)
  A giant spore (D:9)
  A kobold (D:11)
3 creatures vanquished.

Grand Total: 287 creatures vanquished

Notes
Turn   | Place    | Note
--------------------------------------------------------------
     0 | D:1      | Fiveotanaka, the Troll Monk, began the quest for the Orb.
     0 | D:1      | Reached XP level 1. HP: 22/22 MP: 1/1
   173 | D:1      | Reached XP level 2. HP: 29/29 MP: 1/1
   286 | D:2      | Reached skill level 5 in Unarmed Combat
   286 | D:2      | Reached XP level 3. HP: 36/36 MP: 2/2
   319 | D:3      | Reached XP level 4. HP: 44/44 MP: 2/2
   416 | D:3      | Found a glowing drain.
   421 | D:3      | Reached skill level 6 in Unarmed Combat
   431 | Sewer    | Entered a sewer
   500 | Sewer    | Noticed a big kobold
   508 | Sewer    | Killed a big kobold
   508 | Sewer    | Reached XP level 5. HP: 43/50 MP: 2/2
   530 | Sewer    | Found a white marble altar of Elyvilon.
   587 | D:3      | Noticed busb's ghost (average KoCj)
   599 | D:3      | Killed busb's ghost
   599 | D:3      | Reached skill level 7 in Unarmed Combat
   599 | D:3      | Reached XP level 6. HP: 37/59 MP: 3/3
   664 | D:3      | Noticed an ogre
   670 | D:3      | Killed an ogre
   702 | D:4      | Reached skill level 8 in Unarmed Combat
   976 | D:5      | Entered Level 5 of the Dungeon
  1139 | D:5      | Noticed Duvessa
  1141 | D:5      | Noticed Dowan
  1145 | D:5      | Killed Duvessa
  1145 | D:5      | Reached XP level 7. HP: 64/66 MP: 3/3
  1151 | D:5      | Killed Dowan
  1214 | D:5      | Found a sand-covered staircase.
  1226 | Ossuary  | Entered an ossuary
  1284 | Ossuary  | Reached skill level 9 in Unarmed Combat
  1445 | D:6      | Reached skill level 10 in Unarmed Combat
  1445 | D:6      | Reached XP level 8. HP: 61/74 MP: 3/3
  1486 | D:6      | Found a staircase to the Ecumenical Temple.
  1855 | D:7      | Found Qiamewk's Antique Armour Emporium.
  1866 | D:7      | Reached skill level 11 in Unarmed Combat
  1883 | D:7      | Got a sparkling garnet amulet
  1884 | D:7      | Identified the amulet "Qimuha" {+Rage +Fly rN+ MP-9 Int+7} (You found it on level 7 of the Dungeon)
  2065 | D:8      | Reached XP level 9. HP: 74/80 MP: 0/4
  2133 | D:9      | Found Breptuucs' Armour Shop.
  2225 | D:9      | Reached skill level 5 in Dodging
  2225 | D:9      | Reached skill level 12 in Unarmed Combat
  2465 | D:9      | Found a shadowy altar of Dithmenos.
  2528 | D:10     | Entered Level 10 of the Dungeon
  2687 | D:10     | Noticed a centaur skeleton
  2692 | D:10     | Killed a centaur skeleton
  2902 | D:10     | Reached XP level 10. HP: 80/88 MP: 0/4
  3230 | D:11     | Noticed a white ugly thing
  3238 | D:11     | Killed a white ugly thing
  3297 | D:11     | Found a staircase to the Orcish Mines.
  3328 | D:11     | Reached skill level 13 in Unarmed Combat
  3628 | D:11     | Noticed a purple ugly thing
  3636 | D:11     | Killed a purple ugly thing
  3658 | D:11     | Noticed a purple ugly thing
  3666 | D:11     | Killed a purple ugly thing
  3804 | D:11     | Noticed a manticore
  3814 | D:11     | Killed a manticore
  4286 | D:12     | Noticed a hill giant
  4295 | D:12     | Killed a hill giant
  4295 | D:12     | Reached XP level 11. HP: 94/94 MP: 0/4
  4335 | D:12     | Noticed a green ugly thing
  4357 | D:12     | Killed a green ugly thing
  4357 | D:12     | Reached skill level 14 in Unarmed Combat
  4595 | D:12     | Noticed a hill giant
  4602 | D:12     | Killed a hill giant
  4889 | D:13     | Found Wabav's Jewellery Shop.
  4897 | D:13     | Bought a +3 ring of protection for 273 gold pieces
  4970 | D:13     | Noticed Erolcha
  4981 | D:13     | Killed Erolcha
  5032 | D:13     | Noticed Harold
  5035 | D:13     | Noticed Fiveotanaka's ghost (powerful TrMo)
  5057 | D:13     | Killed from afar by Harold

Action                   |  1- 3 |  4- 6 |  7- 9 | 10-12 || total
-------------------------+-------+-------+-------+-------++-------
Melee: Unarmed           |    53 |   137 |   260 |   181 ||   631
Evoke: Wand              |       |       |       |     1 ||     1
 Stab: Sleeping          |       |     2 |     2 |       ||     4
       Confused          |       |       |     1 |       ||     1
  Eat: Chunk             |     8 |     5 |    18 |    20 ||    51
